 Dungeon Crawl Stone Soup version 0.23-a0-373-g305c090 (webtiles) character file.

169 Ijustatesigmund the Conjurer (level 5, -1/33 HPs)
             Began as an Octopode Conjurer on Oct 25, 2018.
             Slain by an ice beast (13 damage)
             ... on level 3 of the Dungeon.
             The game lasted 00:07:58 (3730 turns).

Ijustatesigmund the Conjurer (Octopode Conjurer)    Turns: 3730, Time: 00:07:59

Health: -1/33      AC:  1    Str:  8    XL:     5   Next: 50%
Magic:  0/8        EV: 13    Int: 18    God:
Gold:   95         SH:  0    Dex: 12    Spells: 2/8 levels left

rFire    . . .     SeeInvis +   j - +0 short sword (elec)
rCold    . . .     Gourm    .   (no shield)
rNeg     . . .     Faith    .   (helmet restricted)
rPois    .         Spirit   .   (no amulet)
rElec    .         Reflect  .   g - ring of see invisible
rCorr    .         Harm     .   (no ring)
MR       .....                  (no ring)
Stlth    +++.......             (no ring)
HPRegen  0.11/turn              (no ring)
MPRegen  0.11/turn              (no ring)
                                (no ring)
                                (no ring)

@: very slightly contaminated
A: almost no armour, stealthy swim, amphibious, 8 rings, constrict 8, camouflage
1, gelatinous body 1
a: no special abilities


You were on level 3 of the Dungeon.
You were hungry.

You visited 1 branch of the dungeon, and saw 3 of its levels.

You collected 95 gold pieces.

Inventory:

Hand Weapons
 a - a +0 flail
 j - a +0 short sword of electrocution (weapon)
Jewellery
 g - a ring of see invisible (left tentacle)
Wands
 l - a wand of flame (22)
Scrolls
 i - 3 scrolls of fog
Potions
 c - a potion of invisibility
 d - a potion of curing
 e - a potion of heal wounds {unknown}
 f - a potion of might {unknown}
 k - a potion of ambrosia {unknown}
Comestibles
 b - 7 rations


   Skills:
 - Level 1.1 Fighting
 + Level 0.7 Short Blades
 - Level 1.0 Maces & Flails
 - Level 2.0 Dodging
 + Level 4.0 Stealth
 - Level 2.0 Spellcasting
 - Level 5.3 Conjurations
 + Level 1.7 Hexes


You had 2 spell levels left.
You knew the following spells:

 Your Spells              Type           Power        Failure   Level  Hunger
a - Magic Dart            Conj           ###.         1%          1    #......
b - Searing Ray           Conj           ###...       3%          2    ###....
c - Dazzling Spray        Conj/Hex       ##....       13%         3    ###....

Your spell library contained the following spells:

 Spells                   Type           Power        Failure   Level  Hunger
 Iskenderun's Mystic Bla  Conj           ###.....     21%         4    #####..
 Fulminant Prism          Conj/Hex       ##........   38%         4    #####..
 Force Lance              Conj/Tloc      ##......     52%         4    #####..


Dungeon Overview and Level Annotations

Branches:
Dungeon (3/15)

Altars:
Hepliaklqana
Kikubaaqudgha
Nemelex Xobeh
Qazlal

Annotations:
D:3 1 runed door, CLM's ghost, amateur DrTm


Innate Abilities, Weirdness & Mutations

You cannot wear most types of armour.
You are very stealthy in the water. (Stealth+)
You are amphibious.
You can wear up to eight rings at the same time.
You can use your tentacles to constrict eight enemies at once.
Your skin changes colour to match your surroundings (Stealth+).
Your rubbery body absorbs attacks. (AC +1, EV +1)


Message History

Aim: an ice beast (lightly wounded)
You miscast Searing Ray.
You are very lightly contaminated with residual magic.
Strange energies run through your body.
You are feeling hungry.
Casting: Searing Ray (safe; 3% risk of failure)
Confirm with . or Enter, or press ? or * to list all spells.
Aiming: Searing Ray (safe; 3% risk of failure)
Press: ? - help, Shift-Dir - straight line, f/p - ice beast
Aim: an ice beast (lightly wounded)
The searing ray hits the ice beast.
The ice beast is lightly wounded. (Press . to maintain the ray.)
The searing ray hits the ice beast.
The ice beast is lightly wounded.
The ice beast hits you. The ice beast freezes you!
The searing ray hits the ice beast.
The ice beast is moderately wounded.
The ice beast hits you. The ice beast freezes you!
You die...

#.#.....##...##....
.....
#.#....##..%..##..)
##...
#.#....#⌠..♣...+.#
#..#
#.###+.##..!..##.##
.. #...##...##....
. ###..##W##(....
#....###......
#.##..........
#.....@Y......
#.....(.......
#.............
#...........##
#.##..$.....# #.
.........#
####.######## #.


You could see an ice beast and CLM's ghost.

Vanquished Creatures
  A jelly (D:3)
  7 gnolls (D:2)
  An adder (D:2)
  An ooze (D:1)
  A dart slug (D:1)
  2 worms
  6 orcs (D:3)
  8 bats
  5 giant cockroaches
  5 goblins
  3 hobgoblins (D:2)
  3 kobolds
  3 frilled lizards
  3 rats
49 creatures vanquished.

Notes
Turn   | Place    | Note
-------+----------+-------------------------------------------
     0 | D:1      | Ijustatesigmund the Octopode Conjurer began the quest for
                  | the Orb.
     0 | D:1      | Reached XP level 1. HP: 11/11 MP: 3/3
   121 | D:1      | Reached skill level 1 in Fighting
   121 | D:1      | Reached XP level 2. HP: 7/18 MP: 0/5
  1337 | D:2      | Reached XP level 3. HP: 23/23 MP: 0/6
  1584 | D:2      | Learned a level 2 spell: Searing Ray
  1588 | D:2      | Learned a level 3 spell: Dazzling Spray
  2084 | D:2      | Reached skill level 5 in Conjurations
  2207 | D:2      | Reached XP level 4. HP: 28/28 MP: 0/7
  2471 | D:2      | Reached skill level 1 in Maces & Flails
  3020 | D:2      | Found an ancient bone altar of Kikubaaqudgha.
  3021 | D:2      | Found a stormy altar of Qazlal.
  3186 | D:2      | Reached skill level 1 in Hexes
  3239 | D:2      | Reached XP level 5. HP: 26/33 MP: 2/8
  3567 | D:3      | Found a sparkling altar of Nemelex Xobeh.
  3579 | D:3      | Found a hazy altar of Hepliaklqana.
  3703 | D:3      | Noticed CLM's ghost (amateur DrTm)
  3717 | D:3      | Found a runed door.
  3722 | D:3      | Noticed an ice beast
  3730 | D:3      | Slain by an ice beast

Vault maps used:
D:1:      eino_arrival_cavern_e
D:2:      gammafunk_temple_overflow_statue
D:3:      grunt_temple_overflow_open, hellmonk_ghost_happy_afterlife,
          led_sif_book

Skill      XL: |  1  2  3  4  5 |
---------------+----------------+-----
Fighting       | 1 |  1.1
Conjurations   | 5 |  5.3
Maces & Flails | 1 |  1.0
Stealth        | 3 4 |  4.0
Hexes          | 1 |  1.7
Short Blades   | |  0.7
Dodging        | |  2.0
Spellcasting   | |  2.0

Action                   |  1- 3 |  4- 6 || total
-------------------------+-------+-------++-------
Melee: Whip              |    17 |       ||    17
       Constrict         |     6 |     5 ||    11
       Tentacles         |     3 |     5 ||     8
       Flail             |     1 |     7 ||     8
       Short sword       |       |     7 ||     7
 Cast: Magic Dart        |    53 |    38 ||    91
       Searing Ray       |     1 |     2 ||     3
Evoke: Wand              |       |     4 ||     4
  Use: Scroll            |     3 |     4 ||     7
 Stab: Sleeping          |     1 |     3 ||     4
  Eat: Chunk             |     3 |     3 ||     6
       Ration            |       |     1 ||     1
Armor: Skin              |     3 |     2 ||     5
Dodge: Dodged            |    11 |    13 ||    24

Table legend:
 A = Non-vault XP
 B = Vault XP
 C = Vault XP percentage of total XP
 D = Non-vault monster count
 E = Vault monster count
 F = Vault count percentage of total count
                 A         B        C        D         E       F
            +---------+---------+-------+---------+---------+-------
      Total |     242 |       0 |   0.0 |      49 |       0 |   0.0
            +---------+---------+-------+---------+---------+-------
        D:1 |      32 |       0 |   0.0 |      15 |       0 |   0.0
        D:2 |     137 |       0 |   0.0 |      22 |       0 |   0.0
        D:3 |      73 |       0 |   0.0 |      12 |       0 |   0.0
            +---------+---------+-------+---------+---------+-------
